 Dungeon Sprint DCSS version 0.26-a0-1191-ge2a0e31ab3 (webtiles) character file.

Game seed: 13093156813972969167

240 reriks the Cleaver (level 6, -1/61 HPs)
             Began as a Tengu Berserker on Dec 28, 2020.
             Was a Believer of Trog.
             Slain by a wyvern (4 damage)
             ... in the Dungeon (Sprint II: "The Violet Keep of Menkaure").
             The game lasted 00:00:25 (59 turns).

reriks the Cleaver (Tengu Berserker)                  Turns: 59, Time: 00:00:25

Health: -1/61      AC:  2    Str: 19    XL:     6   Next: 8%
Magic:  7/7        EV: 15    Int:  8    God:    Trog [**....]
Gold:   243        SH:  0    Dex: 13    Spells: 5/5 levels left

rFire    . . .     SeeInvis .   a - +0 hand axe
rCold    . . .     Faith    .   (no shield)
rNeg     . . .     Spirit   .   b - +0 animal skin
rPois    .         Reflect  .   (helmet restricted)
rElec    .         Harm     .   (no cloak)
rCorr    .         Rampage  .   (no gloves)
Will     .....     NoTele   +   (boots unavailable)
Stlth    ..........             (no amulet)
HPRegen  0.20/turn              (no ring)
MPRegen  0.10/turn              (no ring)

@: berserking, very quick
A: beak, talons 3, able to fly
a: Fly, Renounce Religion, Berserk, Trog's Hand


You were in the Dungeon.
You worshipped Trog.
Trog was pleased with you.
You visited 1 branch You collected 243 gold pieces.

Inventory:

Hand Weapons
 a - a +0 hand axe (weapon)
Armour
 b - a +0 animal skin (worn)
Scrolls
 h - a scroll of blinking
Potions
 c - a potion of curing
 d - a potion of heal wounds
 e - a potion of haste
 f - 2 potions of magic
 g - a potion of berserk rage


   Skills:
 + Level 6.2 Fighting
 * Level 8.7 Axes
 + Level 6.4 Armour
 + Level 6.4 Dodging


You had 5 spell levels left.
You didn't know any spells.
Your spell library was empty.

Dungeon Overview and Level Annotations

Branches:
Dungeon (1/1)

Altars:


Innate Abilities, Weirdness & Mutations

You have a beak for a mouth.
You have claws for feet.
You can fly continuously.


Message History

The wyvern is almost dead.
The wyvern bites you!
* * * LOW HITPOINT WARNING * * *
You slash the wyvern!
You kill the wyvern!
Trog accepts your kill.
Your Fighting skill increases to level 6!
Your Axes skill gained 2 levels and is now at level 8!
Your Armour skill gained 2 levels and is now at level 6!
Your Dodging skill gained 2 levels and is now at level 6!
You have reached level 5!
You have gained the ability to fly.
You have reached level 6!
Your experience leads to an increase in your attributes!
Increase (S)trength, (I)ntelligence, or (D)exterity?
You feel stronger.
You slash the wyvern! Your kick misses the wyvern. Your peck misses the wyvern.
The wyvern is moderately wounded.
The wyvern bites you.
You die...

##+##
##.#.##
#..#..#
#
###.###
#. #'#
#.##.##
#l@<.+
#$##.##
#. #+#
#


You could see a wyvern.

Vanquished Creatures
  A wyvern (D)
  4 worker ants (D)
5 creatures vanquished.

Notes
Turn   | Place    | Note
-------+----------+-------------------------------------------
     0 | D        | reriks the Tengu Berserker began the quest for the Orb.
     0 | D        | Reached XP level 1. HP: 14/14 MP: 2/2
     1 | D        | Noticed a worker ant
     1 | D        | Noticed a worker ant
     3 | D        | Killed a worker ant
     4 | D        | Reached skill level 4 in Axes
     4 | D        | Reached XP level 2. HP: 20/20 MP: 3/3
     9 | D        | Reached skill level 5 in Axes
     9 | D        | Reached XP level 3. HP: 24/24 MP: 4/4
    10 | D        | Reached ** piety under Trog
    11 | D        | Reached XP level 4. HP: 30/30 MP: 5/5
    13 | D        | Reached skill level 5 in Fighting
    13 | D        | Reached skill level 6 in Axes
    52 | D        | Noticed a wyvern
    52 | D        | Noticed a wyvern
    57 | D        | HP: 2/46 [wyvern (9)]
    58 | D        | Killed a wyvern
    59 | D        | Reached skill level 8 in Axes
    59 | D        | Gained mutation: You can fly continuously. [Tengu growth]
    59 | D        | Reached XP level 5. HP: 3/36 MP: 6/6
    59 | D        | Reached XP level 6. HP: 3/41 MP: 7/7
    59 | D        | Slain by a wyvern

Illustrated notes

Levels and vault maps discovered:
D:        the_violet_keep_of_menkaure [sprint2_stairs_cluster_1,
          sprint2_shoproom, sprint2_temple, sprint2_basic_supplies,
          sprint2_obstacle_4, sprint2_obstacle_3, sprint2_obstacle_5,
          sprint2_obstacle_1, sprint2_obstacle_6, sprint2_timed_cluster_1,
          sprint2_smallroom_cluster_1, sprint2_smallroom_final_cluster_1,
          sprint2_transparent_cluster_1, sprint2_second_timed_cluster_1,
          sprint2_sniper_area_1, sprint2_heavy_combat_area_1,
          sprint2_mutation_trap_area_1, sprint2_forest_area_1,
          sprint2_light_combat_area_1, sprint2_behind_water_1,
          sprint2_near_end_vault_1]

Skill      XL: |  1  2  3  4 |
---------------+-------------+-----
Fighting       | 4 6 |  6.2
Axes           | 4 5 8 |  8.7
Armour         | 3 4 6 |  6.4
Dodging        | 3 4 6 |  6.4

Action                   |  1- 3 |  4- 6 || total
-------------------------+-------+-------++-------
Melee: Hand axe          |     6 |     8 ||    14
       Kick              |     1 |     1 ||     2
       Peck              |     2 |     1 ||     3
Invok: Berserk           |     1 |     1 ||     2
Dodge: Dodged            |     3 |     2 ||     5

Table legend: (Time is in decaauts)
 A = Elapsed time spent in this place.
 B = Non-inter-level travel time spent in this place.
 C = Inter-level travel time spent in this place.
 D = Time resting spent in this place.
 E = Time spent auto-exploring this place.
 F = Levels seen in this place.
 G = Mean time per level.
                   A        B        C        D        E       F      G
               +--------+--------+--------+--------+--------+-----+--------+
         Total |     62 |     62 |      0 |     35 |      0 |   1 |   62.0 |
       Dungeon |     62 |     62 |      0 |     35 |      0 |   1 |   62.0 |
               +--------+--------+--------+--------+--------+-----+--------+

Top non-repeatable levels by time:
       D: 62 daAuts
